 Dungeon Crawl Stone Soup version 0.23.0 (webtiles) character file.

Game seed: 13878861291514871172

4961 theswoord the Frost Mage (level 10, -3/88 HPs)
             Began as a Naga Ice Elementalist on Feb 10, 2019.
             Was a Follower of Cheibriados.
             Slain by a seven-headed hydra (11 damage)
             ... on level 1 of the Lair of Beasts.
             The game lasted 00:44:11 (10988 turns).

theswoord the Frost Mage (Naga Ice Elementalist)   Turns: 10988, Time: 00:44:13

Health: -3/88      AC: 14    Str: 17    XL:     10   Next: 53%
Magic:  2/21       EV: 14    Int: 22    God:    Cheibriados [*.....]
Gold:   270        SH:  0    Dex:  9    Spells: 7/24 levels left

rFire    . . .     SeeInvis +   d - +2 scythe (venom)
rCold    + . .     Gourm    .   (shield currently unavailable)
rNeg     + + +     Faith    .   j - +0 steam dragon scales
rPois    +         Spirit   .   h - +0 helmet of the Crushed Nights {rC+}
rElec    .         Reflect  .   (no cloak)
rCorr    .         Harm     .   r - +0 pair of gloves
MR       +....                  (no barding)
Stlth    ++........             (no amulet)
HPRegen  0.24/turn              v - +4 ring of evasion
MPRegen  0.17/turn              D - ring "Bunul" {rN+++ MR+ Str+3 Dex-5 SInv}

@: icy armour, vulnerable, very slow
A: large, see invisible, deformed body, poison resistance, slowness 2, slow
metabolism 1, spit poison 1, AC +3
a: Spit Poison, Bend Time, Renounce Religion


You were on level 1 of the Lair of Beasts.
You worshipped Cheibriados.
Cheibriados was aware of your devotion.
You were not hungry.

You visited 3 branches of the dungeon, and saw 12 of its levels.
You also visited: Sewer.

You collected 442 gold pieces.
You spent 172 gold pieces at shops.

Inventory:

Hand Weapons
 d - a +2 scythe of venom (weapon)
Armour
 a - a +0 robe
 h - the +0 helmet of the Crushed Nights (worn) {rC+}
   (You took it off Robin on level 3 of the Dungeon)

   It protects you from cold.
 i - a +2 helmet
 j - +0 steam dragon scales (worn)
 q - a +0 robe of magic resistance
 r - a +0 pair of gloves (worn)
 E - a +0 troll leather armour
Jewellery
 v - a +4 ring of evasion (left hand)
 D - the ring "Bunul" (right hand) {rN+++ MR+ Str+3 Dex-5 SInv}
   (You found it on level 9 of the Dungeon)

   [ring of see invisible]

   It affects your strength (+3).
   It affects your dexterity (-5).
   It renders you almost immune to negative energy.
   It affects your resistance to hostile enchantments.
   It lets you see invisible.
Wands
 p - a wand of paralysis (10)
Scrolls
 k - 4 scrolls of teleportation
 l - 5 scrolls of remove curse
 s - a scroll of immolation
 u - a scroll of fog
 x - 4 scrolls of identify
 y - 2 scrolls of blinking
 z - a scroll of amnesia
Potions
 b - a potion of brilliance
 e - a potion of heal wounds
 f - 2 potions of curing
 g - 2 potions of cancellation
 m - a potion of lignification {unknown}
 n - a potion of magic {unknown}
 o - 2 potions of flight {unknown}
 t - a potion of mutation {unknown}
 w - a potion of haste {unknown}
 B - a potion of invisibility {unknown}
Comestibles
 c - 16 rations


   Skills:
 + Level 5.2 Fighting
 - Level 1.5 Dodging
 - Level 3.0 Stealth
 + Level 7.6 Spellcasting
 - Level 7.8 Conjurations
 - Level 3.2 Summonings
 + Level 8.7 Ice Magic


You had 7 spell levels left.
You knew the following spells:

 Your Spells              Type           Power        Failure   Level  Hunger
a - Freeze                Ice            ####         1%          1    None
b - Ozocubu's Armour      Chrm/Ice       ####....     3%          3    None
c - Throw Icicle          Conj/Ice       #####...     2%          4    ###....
d - Mephitic Cloud        Conj/Pois/Air  ###.....     8%          3    None
e - Blink                 Tloc           N/A          12%         2    None
f - Summon Ice Beast      Ice/Summ       ####....     7%          4    ###....

Your spell library contained the following spells:

 Spells                   Type           Power        Failure   Level  Hunger
 Magic Dart               Conj           ####         1%          1    None
 Throw Frost              Conj/Ice       #####.       1%          2    None
 Call Imp                 Summ           ###.....     3%          2    None
 Conjure Flame            Conj/Fire      ####....     4%          3    None
 Slow                     Hex            #.......     12%         2    None


Dungeon Overview and Level Annotations

Branches:
Dungeon (10/15)            Temple (1/1) D:7            Lair (1/6) D:9
    Orc: D:9-12

Altars:
Ashenzari
Cheibriados
Dithmenos
Elyvilon
Fedhas
Gozag
Hepliaklqana
Kikubaaqudgha
Makhleb
Nemelex Xobeh
Okawaru
Qazlal
Ru
Sif Muna
Trog
Uskayaw
Vehumet
Wu Jian
Xom
Yredelemnul
Zin
The Shining One

Shops:
D:5 [   D:7 *

Annotations:
D:10 1 transporter, erker's ghost, journeyman GrGl


Innate Abilities, Weirdness & Mutations

You cannot wear boots.
Your serpentine skin is tough. (AC +3)
You have supernaturally acute eyesight. (SInv)
Armour fits poorly on your strangely shaped body.
Your system is resistant to poisons. (rPois)
You cover ground very slowly.
You have a slow metabolism.
You can spit poison.


Message History

The seven-headed hydra bites you.
* * * LOW HITPOINT WARNING * * *
The seven-headed hydra closely misses you. x2
The seven-headed hydra bites you.
* * * LOW HITPOINT WARNING * * *
The seven-headed hydra bites you but does no damage.
The seven-headed hydra bites you!
* * * LOW HITPOINT WARNING * * *
You feel much better.
Your ice beast hits the hippogriff but does no damage.
The hippogriff bites you but does no damage.
The hippogriff pecks you but does no damage.
The hippogriff claws you but does no damage.
The seven-headed hydra closely misses you.
The seven-headed hydra bites you!
* * * LOW HITPOINT WARNING * * *
The seven-headed hydra bites you!
* * * LOW HITPOINT WARNING * * *
The seven-headed hydra bites you!
You die...

.... ... ....... #.. . ...
...≈.>. ... ..... ...≈.≈. .
..###.#.##.≈≈≈≈≈≈≈≈≈≈...
...###......#...≈≈≈≈≈≈≈≈≈...
#...#.####)...≈≈≈≈≈≈≈≈..####
#../......Y..≈≈≈≈≈≈≈≈......
#........DH...≈≈≈≈.........
#.........@................
..................^..........
♣.##..........................
# #..#...##.+######...####.##.
#.##...##.. #....###.###. ..
#...##... #....##....#. #...
..... ##....#...... #.. P....
#...##...##. ###.#.
#...##...##.


You could see a seven-headed hydra, a hippogriff and a friendly ice beast.

Vanquished Creatures
  A komodo dragon (Lair:1)
  A troll (D:9)
  2 hippogriffs (D:9)
  Prince Ribbit (D:6)
  Grinder (D:4)
  Sigmund (D:3)
  An orc warrior (D:5)
  A phantom (D:6)
  A sky beast (D:7)
  5 ogres
  3 centaurs
  6 big kobolds (Sewer)
  A gnoll sergeant (D:6)
  4 bullfrogs
  A wyvern skeleton (D:9)
  2 scorpions
  4 howler monkeys
  2 crimson imps
  A hound (D:7)
  2 jellies
  A centaur skeleton (D:7)
  5 orc priests
  3 orc wizards
  2 bullfrog skeletons
  2 iguanas (D:4)
  Natasha (thrice) (D:2)
  6 worker ants
  Robin (D:3)
  5 gnolls (D:6)
  4 river rats
  10 adders
  2 shadow imps
  An adder zombie (D:9)
  9 oozes
  3 adder skeletons
  4 worms
  3 dart slugs
  5 leopard geckos
  15 orcs
  7 giant cockroaches
  7 goblins (D:3)
  6 hobgoblins (D:3)
  19 jackals
  6 kobolds
  2 quokkas
  7 ball pythons
  6 bats
  5 frilled lizards
  A jackal zombie (D:6)
  12 rats
203 creatures vanquished.

Vanquished Creatures (collateral kills)
  A spiny frog (Lair:1)
  A wyvern (D:9)
  A hungry ghost (D:8)
  2 ogres
  A scorpion (D:8)
  An orc (D:7)
7 creatures vanquished.

Grand Total: 210 creatures vanquished

Notes
Turn   | Place    | Note
-------+----------+-------------------------------------------
     0 | D:1      | theswoord the Naga Ice Elementalist began the quest for the
                  | Orb.
     0 | D:1      | Reached XP level 1. HP: 15/15 MP: 3/3
   271 | D:1      | Reached XP level 2. HP: 14/22 MP: 1/5
  1061 | D:2      | Noticed Natasha
  1062 | D:2      | Reached XP level 3. HP: 28/28 MP: 4/6
  1071 | D:2      | Killed Natasha
  1288 | D:2      | Found a shattered altar of Ashenzari.
  1455 | D:2      | Noticed Natasha
  1466 | D:2      | Killed Natasha
  1466 | D:2      | Reached skill level 4 in Ice Magic
  1466 | D:2      | Reached XP level 4. HP: 28/36 MP: 5/8
  1539 | D:2      | Found a sacrificial altar of Ru.
  1542 | D:2      | Noticed Natasha
  1551 | D:2      | Killed Natasha
  1777 | D:2      | Reached XP level 5. HP: 42/42 MP: 10/10
  2025 | D:3      | Learned a level 3 spell: Ozocubu's Armour
  2144 | D:3      | Identified the +0 helmet of the Crushed Nights {rC+}
  2144 | D:3      | Noticed Robin
  2179 | D:3      | Killed Robin
  2418 | D:3      | Found a glowing drain.
  2426 | Sewer    | Entered a sewer
  2566 | Sewer    | Noticed a big kobold
  2585 | Sewer    | Killed a big kobold
  2585 | Sewer    | Reached skill level 5 in Ice Magic
  2585 | Sewer    | Reached XP level 6. HP: 39/49 MP: 4/12
  2591 | Sewer    | Learned a level 4 spell: Throw Icicle
  2936 | Sewer    | Reached XP level 7. HP: 55/55 MP: 6/13
  3250 | Sewer    | Reached skill level 5 in Spellcasting
  3421 | D:3      | Noticed Sigmund
  3432 | D:3      | Killed Sigmund
  3432 | D:3      | Reached skill level 6 in Ice Magic
  3432 | D:3      | Reached XP level 8. HP: 52/62 MP: 4/15
  4507 | D:4      | Reached skill level 5 in Conjurations
  4546 | D:4      | Noticed Grinder
  4554 | D:4      | Paralysed by Grinder for 2 turns
  4562 | D:4      | Paralysed by Grinder for 7 turns
  4574 | D:4      | Paralysed by Grinder for 4 turns
  4600 | D:4      | Paralysed by Grinder for 4 turns
  4611 | D:4      | Killed Grinder
  4976 | D:5      | Entered Level 5 of the Dungeon
  5003 | D:5      | Learned a level 3 spell: Mephitic Cloud
  5006 | D:5      | Learned a level 2 spell: Blink
  5123 | D:5      | Found Quuklup's Armour Boutique.
  5441 | D:5      | Reached skill level 7 in Ice Magic
  5536 | D:5      | Reached XP level 9. HP: 53/68 MP: 2/18
  5900 | D:6      | Found a burning altar of Makhleb.
  5963 | D:6      | Noticed Prince Ribbit
  5970 | D:6      | Killed Prince Ribbit
  7131 | D:6      | Learned a level 4 spell: Summon Ice Beast
  7228 | D:7      | Found a staircase to the Ecumenical Temple.
  7243 | Temple   | Entered the Ecumenical Temple
  7362 | Temple   | Became a worshipper of Cheibriados the Contemplative
  7719 | D:7      | Reached skill level 1 in Fighting
  7719 | D:7      | Reached skill level 1 in Summonings
  8065 | D:7      | Found Neiriseu's Assorted Antiques.
  8075 | D:7      | Bought a scroll of blinking for 172 gold pieces
  8555 | D:7      | Found a blossoming altar of Fedhas.
  8556 | D:7      | Found an iron altar of Okawaru.
  8557 | D:7      | Found a burning altar of Makhleb.
  8943 | D:8      | Reached XP level 10. HP: 66/84 MP: 8/20
  8969 | D:8      | Reached * piety under Cheibriados
  9252 | D:8      | Found a glowing golden altar of the Shining One.
  9455 | D:9      | Found a hazy altar of Hepliaklqana.
  9463 | D:9      | Found a staircase to the Lair.
  9603 | D:9      | Got a wavering platinum ring
  9632 | D:9      | Reached skill level 8 in Ice Magic
  9639 | D:9      | Identified the ring "Bunul" {rN+++ MR+ Str+3 Dex-5 SInv}
                  | (You found it on level 9 of the Dungeon)
 10090 | D:9      | Found a shadowy altar of Dithmenos.
 10388 | D:10     | Entered Level 10 of the Dungeon
 10388 | D:10     | Found a transporter.
 10388 | D:10     | Noticed erker's ghost (journeyman GrGl)
 10458 | Lair:1   | Entered Level 1 of the Lair of Beasts
 10468 | Lair:1   | Reached skill level 5 in Fighting
 10648 | Lair:1   | Noticed a spiny frog
 10660 | Lair:1   | Killed a spiny frog
 10974 | Lair:1   | Noticed a seven-headed hydra
 10988 | Lair:1   | Slain by a seven-headed hydra

Skill      XL: |  1  2  3  4  5  6  7  8  9 10 |
---------------+-------------------------------+-----
Spellcasting   | 3 4 5 6 7 |  7.6
Ice Magic      | 4 5 6 7 8 |  8.7
Conjurations   | 2 4 6 7 |  7.8
Fighting       | 3 5 |  5.2
Summonings     | 3 |  3.2
Dodging        | |  1.5
Stealth        | |  3.0

Action                   |  1- 3 |  4- 6 |  7- 9 | 10-12 || total
-------------------------+-------+-------+-------+-------++-------
Melee: Unarmed           |     3 |       |    28 |       ||    31
       Whip              |     3 |       |       |       ||     3
       Short sword       |     2 |    59 |    96 |       ||   157
       Scythe            |       |       |    11 |    12 ||    23
 Cast: Freeze            |    21 |    47 |   179 |    45 ||   292
       Ozocubu's Armour  |       |     4 |    13 |     3 ||    20
       Throw Icicle      |       |       |    30 |     7 ||    37
       Mephitic Cloud    |       |       |    16 |     2 ||    18
       Summon Ice Beast  |       |       |     5 |     8 ||    13
       Blink             |       |       |     1 |     3 ||     4
Invok: Bend Time         |       |       |     1 |       ||     1
 Abil: Spit Poison       |    19 |    28 |    72 |    16 ||   135
  Use: Scroll            |     5 |     5 |     9 |     1 ||    20
       Potion            |       |       |     6 |     1 ||     7
 Stab: Sleeping          |       |     1 |       |     1 ||     2
  Eat: Chunk             |     2 |     6 |    23 |     5 ||    36
       Ration            |       |       |     3 |       ||     3
Armor: Robe              |     6 |    21 |       |       ||    27
       Steam dragon scal |       |    18 |   131 |    29 ||   178
Dodge: Dodged            |    15 |    63 |   158 |    56 ||   292

Levels and vault maps discovered:
D:1:      dpeg_arrival_long_road, layout_loops_ring
D:2:      lemuel_upstairs_altar, layout_basic, lemuel_crystal_altar,
          nicolae_ru_sacrificial_ziggurat, uniq_natasha
D:3:      layout_basic, portal_sewer_entry_e, uniq_sigmund, uniq_robin
D:4:      layout_loops_corners, kennysheep_nub, hangedman_decor_growths,
          uniq_grinder
D:5:      layout_rooms, serial_shops, nicolae_shop_window_shopping, first_ration
D:6:      layout_layer_cave, bloody_makhleb, uniq_prince_ribbit1
D:7:      layout_basic, minitemple, minmay_temple_entry_mini_moons,
          serial_shops, shop
D:8:      layout_basic, basic_altar, grunt_ogre_cave, mumra_transporter_accident
D:9:      layout_roguey, nicolae_dithmenos_through_a_glass_darkly,
          lemuel_doored_altar, lair_entry_dummy
D:10:     layout_long_grid, serial_shops, nicolae_shop_waterfront,
          gammafunk_ghost_mausoleum, uniq_erica
Temple:   nicolae_temple_elliptical
Lair:1:   layout_regular_city, grunt_megastairs_1, infiniplex_staircase_pool,
          serial_bayou_shore_b, serial_bayou_shore_a
Sewer:    sewer_co_tree
